 Dungeon Crawl Stone Soup version 0.23.2-1-ga50397a (webtiles) character file.

Game seed: 3973818342675812815

18 MalarOregon the Chiller (level 2, -1/22 HPs)
             Began as a Ghoul Ice Elementalist on June 2, 2019.
             Slain by an adder (4 damage)
             ... on level 2 of the Dungeon.
             The game lasted 00:02:23 (1278 turns).

MalarOregon the Chiller (Ghoul Ice Elementalist)    Turns: 1278, Time: 00:02:23

Health: -1/22      AC:  2    Str: 11    XL:     2   Next: 66%
Magic:  1/3        EV: 12    Int: 10    God:
Gold:   70         SH:  0    Dex:  9    Spells: 3/4 levels left

rFire    . . .     SeeInvis .     - Unarmed
rCold    + . .     Gourm    .   (no shield)
rNeg     + + +     Faith    .   a - +0 robe
rPois    ∞         Spirit   .   (no helmet)
rElec    .         Reflect  .   (no cloak)
rCorr    .         Harm     .   (no gloves)
MR       .....                  (no boots)
Stlth    ++........             (no amulet)
HPRegen  0.00/turn              (no ring)
MPRegen  0.08/turn              (no ring)

@: rotting
A: rotting body, claws 1, carnivore, cold resistance 1, negative energy
resistance 3, inhibited regeneration, torment resistance, unbreathing
a: no special abilities


You were on level 2 of the Dungeon.
You were not hungry.

You visited 1 branch of the dungeon, and saw 2 of its levels.

You collected 70 gold pieces.

Inventory:

Armour
 a - a +0 robe (worn)
Scrolls
 b - a scroll of fog {unknown}
 d - a scroll of enchant weapon {unknown}
 f - a scroll of identify {unknown}
 g - a scroll of fear {unknown}
 i - a scroll of blinking {unknown}
Potions
 c - a potion of berserk rage {unknown}
 h - a potion of mutation {unknown}
 k - a potion of magic {unknown}
 l - a potion of ambrosia {unknown}
 m - a potion of curing {unknown}
Comestibles
 e - 2 rations {!d}


   Skills:
 + Level 0.4 Fighting
 - Level 1.7 Dodging
 + Level 2.3 Stealth
 * Level 1.3 Unarmed Combat
 + Level 1.9 Spellcasting
   Level 0.7 Conjurations
 * Level 3.6 Ice Magic


You had 3 spell levels left.
You knew the following spells:

 Your Spells              Type           Power        Failure   Level  Hunger
a - Freeze                Ice            #...         7%          1    ##.....

Your spell library contained the following spells:

 Spells                   Type           Power        Failure   Level  Hunger
 Throw Frost              Conj/Ice       #.....       21%         2    ###....
 Ozocubu's Armour         Chrm/Ice       #.......     41%         3    ####...
 Throw Icicle             Conj/Ice       #.......     78%         4    #####..
 Summon Ice Beast         Ice/Summ       #.......     83%         4    #####..


Dungeon Overview and Level Annotations

Branches:
Dungeon (2/15)

Altars:


Innate Abilities, Weirdness & Mutations

Your body is rotting away.
You thrive on raw meat.
You are immune to poison.
You have sharp fingernails.
You are carnivorous and can eat meat at any time.
Your flesh is cold resistant. (rC+)
You are immune to negative energy. (rN+++)
You do not regenerate when monsters are visible.
You are immune to unholy pain and torment.
You can survive without breathing.


Message History

There is a stone staircase leading down here.
A giant cockroach comes into view.
You closely miss the giant cockroach.
The giant cockroach bites you but does no damage.
You scratch the giant cockroach but do no damage.
The giant cockroach completely misses you.
The giant cockroach barely misses you.
You scratch the giant cockroach but do no damage.
The giant cockroach bites you but does no damage.
You completely miss the giant cockroach.
The giant cockroach closely misses you.
You scratch the giant cockroach but do no damage.
The giant cockroach closely misses you.
You scratch the giant cockroach. You claw the giant cockroach.
You kill the giant cockroach!
You butcher the giant cockroach corpse.
j - 2 chunks of flesh Eating one of 2 chunks of flesh.
You eat one of the 2 chunks of flesh.
You feel more resilient.
This raw flesh tastes great!
Eating a chunk of flesh.
You eat the chunk of flesh.
You feel more resilient.
This raw flesh tastes great!
Done exploring.
There is a stone staircase leading down here.
You climb downwards.
An adder comes into view.
Found a scroll labeled YPNOGA ROIRRE and 22 stones.
Found an escape hatch in the ceiling.
Found a stone staircase leading down.
There is a stone staircase leading up here.
The adder hisses angrily.
Aim: an adder You freeze the adder.
The adder seems to slow down.
The adder closely misses you.
Aim: an adder (moderately wounded, slow)
You freeze the adder.
The adder seems to slow down.
The adder bites you.
Aim: an adder (heavily wounded, slow)
You freeze the adder. The adder bites you.
You barely miss the adder. The adder misses you.
You closely miss the adder. The adder bites you.
You scratch the adder but do no damage. You closely miss the adder.
The adder bites you.
You barely miss the adder. The adder bites you but does no damage.
You scratch the adder but do no damage.
The adder is no longer moving slowly.
The adder closely misses you.
You barely miss the adder. The adder bites you.
* * * LOW HITPOINT WARNING * * *
You barely miss the adder. The adder barely misses you. The adder bites you.
* * * LOW HITPOINT WARNING * * *
You completely miss the adder. The adder bites you but does no damage.
You barely miss the adder. The adder bites you.
You die...

####### .......
..(.... .......
....... ......#
..######......#
.......@S...>.#
?#..####......#
......# ##<####
.# #


You could see an adder.

Vanquished Creatures
  A dart slug (D:1)
  3 giant cockroaches (D:1)
  A goblin (D:1)
  3 hobgoblins (D:1)
  A kobold (D:1)
  3 bats (D:1)
  A frilled lizard (D:1)
  A rat (D:1)
14 creatures vanquished.

Notes
Turn   | Place    | Note
-------+----------+-------------------------------------------
     0 | D:1      | MalarOregon the Ghoul Ice Elementalist began the quest for
                  | the Orb.
     0 | D:1      | Reached XP level 1. HP: 14/14 MP: 2/2
   249 | D:1      | Reached XP level 2. HP: 11/20 MP: 0/3
   644 | D:1      | Reached skill level 1 in Unarmed Combat
  1278 | D:2      | Slain by an adder

Skill      XL: |  1  2 |
---------------+-------+-----
Unarmed Combat | 1 |  1.3
Fighting       | |  0.4
Dodging        | |  1.7
Stealth        | |  2.3
Spellcasting   | |  1.9
Conjurations   | |  0.7
Ice Magic      | |  3.6

Action                   || total
-------------------------++-------
Melee: Unarmed           ||    28
       Punch             ||     1
 Cast: Freeze            ||    27
 Stab: Sleeping          ||     1
  Eat: Chunk             ||     5
Armor: Robe              ||     9
Dodge: Dodged            ||    27
